Map: Ruins of Seras

Players

Hindulaatti

  • Race: Zerg Zerg
  • League: Diamond

Draenlord

  • Race: Zerg Zerg

BLFG

  • Race: Protoss Protoss

Syfo

  • Race: Protoss Protoss

VOD

Have the link to the VOD?

Description

Time

  • Played on: Jan. 15, 2016, 9:20 a.m.
  • Length: 8:20
Show
View Real Time Build Order
Export as new Build Order

Hindulaatti Zerg 

Build Orders: Hatch First 

Get SALT Encoding   

  12  0:01  Drone  
  13  0:08  Drone  
  14  0:20  Drone, Extractor  
  15  0:41  Hatchery  
  14  0:47  Extractor x2  
  14  0:48  Drone  
  13  0:51  Drone  
  16  1:05  Spawning Pool  
  15  1:12  Overlord  
  15  1:34  Drone  
  15  1:38  Drone  
  17  1:50  Extractor  
  17  1:51  Drone  
  17  1:52  Drone  
  17  1:53  Hatchery  
  17  2:09  Drone x4  
  21  2:17  Queen  
  23  2:28  Queen  
  25  2:34  Overlord  
  25  2:41  Zergling x2  
  25  2:42  Zergling x2  
  25  2:43  Drone  
  28  2:52  Drone x3  
  31  3:11  Drone  
  31  3:12  Drone x4  
  36  3:15  Lair  
  36  3:18  Extractor  
  35  3:30  Queen  
  37  3:38  Drone  
  37  3:39  Drone x3  
  41  3:42  Overlord  
  41  3:43  Zergling x2  
  42  4:06  Zergling x2  
  42  4:07  Zergling x14  
  49  4:13  Metabolic Boost  
  48  4:22  Spore Crawler  
  44  4:25  Spore Crawler  
  44  4:28  Drone x4  
  45  4:42  Drone x4  
  49  4:48  Spore Crawler  
  48  4:58  Drone  
  49  5:00  Extractor  
  49  5:07  Spine Crawler  
  46  5:21  Drone  
  46  5:22  Drone x4  
  47  5:28  Drone  
  47  5:29  Drone x2  
  47  5:31  Overlord  
  47  5:32  Overlord x7  
  46  5:56  Drone x2, Roach Warren  
  47  5:59  Drone x2  
  49  6:04  Spine Crawler  
  49  6:05  Spine Crawler, Zergling x2  
  49  6:06  Zergling x10, Extractor x2  
  51  6:14  Hydralisk Den  
  50  6:20  Evolution Chamber  
  50  6:21  Evolution Chamber  
  47  6:33  Queen  
  47  6:34  Queen x2  
  51  6:47  Zergling x4  
  51  6:48  Zergling x4  
  51  6:49  Hydralisk x2  
  51  6:51  Hydralisk  
  58  6:55  Hydralisk  
  58  6:57  Drone  
  58  7:00  Drone  
  58  7:01  Drone  
  62  7:07  Muscular Augments  
  57  7:27  Drone x5  
  59  7:36  Zergling x8  
  59  7:37  Zergling x2  
  64  7:38  Zergling x2  
  64  7:40  Zergling x2  
  66  7:47  Zergling x2  
  66  7:48  Zergling x8  
  66  7:50  Zergling x2  
  66  8:01  Zergling x2  
  66  8:02  Zergling x12  
Show
View Real Time Build Order
Export as new Build Order

Draenlord Zerg 

Build Orders:  

Get SALT Encoding   

  12  0:02  Probe (Chrono Boost)  
  13  0:12  Probe (Chrono Boost)  
  14  0:18  Pylon  
  14  0:24  Probe (Chrono Boost)  
  15  0:36  Probe (Chrono Boost)  
  15  0:40  Gateway  
  16  0:47  Probe (Chrono Boost)  
  17  0:56  Assimilator  
  17  0:58  Probe (Chrono Boost)  
  18  1:08  Probe (Chrono Boost)  
  19  1:20  Probe (Chrono Boost)  
  20  1:30  Probe (Chrono Boost)  
  21  1:34  Nexus  
  21  1:45  Cybernetics Core  
  21  1:50  Assimilator  
  21  1:59  Pylon  
  21  2:11  Probe (Chrono Boost)  
  22  2:22  Warp Gate  
  22  2:25  Stargate  
  22  2:26  Probe (Chrono Boost)  
  24  2:37  Probe (Chrono Boost)  
  24  2:39  Adept  
  26  2:47  Gateway  
  26  2:48  Probe (Chrono Boost)  
  26  2:50  Probe (Chrono Boost)  
  28  2:58  Probe (Chrono Boost)  
  28  3:02  Probe (Chrono Boost)  
  28  3:03  Oracle  
  30  3:09  Probe (Chrono Boost)  
  34  3:17  Twilight Council  
  33  3:22  Adept  
  33  3:26  Probe x2 (Chrono Boost)  
  37  3:38  Probe (Chrono Boost)  
  38  3:43  Blink  
  38  3:46  Gateway, Probe (Chrono Boost)  
  39  3:49  Assimilator  
  39  3:50  Probe (Chrono Boost)  
  40  3:57  Probe (Chrono Boost)  
  40  4:02  Probe (Chrono Boost)  
  42  4:07  Probe (Chrono Boost)  
  43  4:14  Probe (Chrono Boost)  
  44  4:17  Pylon  
  44  4:18  Probe (Chrono Boost)  
  44  4:19  Pylon  
  45  4:26  Probe (Chrono Boost)  
  46  4:33  Assimilator  
  46  4:35  Probe (Chrono Boost)  
  48  4:38  Probe (Chrono Boost)  
  48  4:45  Stalker x3  
  50  4:46  Probe (Chrono Boost)  
  50  4:51  Void Ray  
  59  4:54  Gateway  
  59  5:05  Gateway  
  59  5:06  Gateway  
  59  5:16  Gateway, Sentry  
  57  5:29  Adept x2  
  55  5:36  Mothership Core (Chrono Boost)  
  55  5:41  Adept  
  53  5:54  Probe (Chrono Boost)  
  53  5:56  Probe (Chrono Boost)  
  55  5:57  Stalker x2  
  59  6:04  Stalker  
  59  6:05  Probe (Chrono Boost)  
  59  6:09  Resonating Glaives  
  62  6:20  Pylon x2  
  62  6:22  Pylon  
  62  6:28  Forge  
  62  6:29  Forge  
  62  6:38  Probe (Chrono Boost)  
  62  6:39  Probe (Chrono Boost)  
  64  6:41  Pylon  
  64  6:48  Probe (Chrono Boost)  
  64  6:51  Probe (Chrono Boost)  
  66  7:01  Stalker x2  
  66  7:02  Stalker x4  
  66  7:04  Stalker  
  65  7:25  Stalker x3  
  65  7:26  Stalker x2  
  75  7:31  Stalker  
  75  7:34  Stalker  
  79  7:49  Stalker x3  
  79  7:50  Sentry x2  
  87  7:55  Sentry  
  87  7:58  Sentry  
  89  8:16  Stalker x2  
Show
View Real Time Build Order
Export as new Build Order

BLFG Protoss 

Build Orders:  

Get SALT Encoding   

Show
View Real Time Build Order
Export as new Build Order

Syfo Protoss 

Build Orders:  

Get SALT Encoding   

Tags
 
Add a new tag
Caveats
  • Supply blocks, unpowered buildings, or Contaminate may cause inaccurate times.
  • Supply counts are checked every 10 seconds.